 Dungeon Crawl Stone Soup version 0.21-a0-578-gc6e9d75 (webtiles) character file.

53 tidbits the Sneak (level 3, 14/14 HPs)
             Began as a Felid Wanderer on Dec 18, 2017.
             Quit the game on level 3 of the Dungeon.
             The game lasted 00:09:19 (608 turns).

tidbits the Sneak (Felid Wanderer)                   Turns: 608, Time: 00:09:19

Health: 14/14      AC: -1    Str:  9    XL:     3   Next: 64%
Magic:  7/7        EV: 16    Int: 18    God:
Gold:   109        SH:  0    Dex: 13    Spells: 6/6 levels left
                                        Lives:  0   Deaths: 1

rFire    . . .     SeeInvis +     - Unarmed
rCold    . . .     Gourm    .   (shield unavailable)
rNeg     . . .     Faith    .   (armour unavailable)
rPois    .         Spirit   .   (helmet unavailable)
rElec    .         Reflect  .   (cloak unavailable)
rCorr    .         Harm     .   (gloves unavailable)
MR       .....                  (boots unavailable)
Stlth    +++.......             (no amulet)
HPRegen  0.04/turn              k - -2 ring of protection (curse)
MPRegen  0.10/turn              i - +3 ring of intelligence

@: quick
A: very small, no armour, no weapons or thrown items, stealth, claws 1, fangs 3,
see invisible, carnivore, speed 1, shaggy fur 1, slow metabolism 1, sharp paws
a: no special abilities


You were on level 3 of the Dungeon.
You were not hungry.

You visited 1 branch of the dungeon, and saw 4 of its levels.

You collected 109 gold pieces.

Inventory:

Jewellery
 h - an uncursed ring of wizardry
   (You found it on level 2 of the Dungeon)
 i - a +3 ring of intelligence (right paw)
   (You found it on level 4 of the Dungeon)
 k - a cursed -2 ring of protection (left paw)
   (You found it on level 3 of the Dungeon)
Wands
 b - a wand of flame (24)
Scrolls
 c - 2 scrolls of teleportation
 d - a scroll of blinking {unknown}
 e - 3 scrolls of identify {unknown}
 g - a scroll of amnesia {unknown}
 j - a scroll of fear {unknown}
 r - 2 scrolls of remove curse
Potions
 a - 2 potions of heal wounds
Comestibles
 f - a ration


   Skills:
 - Level 1.3 Dodging
 - Level 5.3 Stealth
 + Level 5.0 Unarmed Combat
 - Level 2.0 Spellcasting
   Level 1.0 Summonings


You had 6 spell levels left.
You didn't know any spells.

Dungeon Overview and Level Annotations

Branches:
Dungeon (4/15)
 Temple: D:4-7

Altars:


Innate Abilities, Weirdness & Mutations

You cannot wear armour.
You are incapable of wielding weapons or throwing items.
Your paws allow you to move quietly. (Stealth)
You have sharp claws.
You have razor-sharp teeth.
You have supernaturally acute eyesight. (SInv)
You are carnivorous and can eat meat at any time.
You cover ground quickly.
You are covered in fur. (AC +1)
You have a slow metabolism.
Your sharp claws are effective at attacking unaware monsters.


Message History

Okay, then.
Evoke which item? (* to show all) (? for menu, Esc to quit)
Aiming: Throw Flame
Press: ? - help, Shift-Dir - straight line, f - quokka
Aim: a quokka (hasn't noticed you)
The puff of flame hits the adder.
The adder is lightly wounded.
The adder bites you.
You scratch the adder.
The adder is lightly wounded.
The adder bites you.
You scratch the adder.
The adder is moderately wounded.
The adder barely misses you.
You closely miss the adder.
The adder is moderately wounded.
The adder misses you.
You closely miss the adder.
The adder is moderately wounded.
The adder closely misses you. The adder bites you.
* * * LOW HITPOINT WARNING * * *
Evoke which item? (* to show all) (? for menu, Esc to quit)
Okay, then.
Evoke which item? (* to show all) (? for menu, Esc to quit)
Aiming: Throw Flame
Press: ? - help, Shift-Dir - straight line, f/p - quokka
Aim: a quokka The puff of flame hits the adder.
The adder is severely wounded.
The adder misses you.
Evoke which item? (* to show all) (? for menu, Esc to quit)
Aiming: Throw Flame
Press: ? - help, Shift-Dir - straight line, f/p - quokka
Aim: a quokka The puff of flame hits the adder.
You kill the adder!
You scratch the quokka.
The quokka is almost dead.
The quokka misses you.
You barely miss the quokka.
The quokka is almost dead.
The quokka bites you.
* * * LOW HITPOINT WARNING * * *
You closely miss the quokka.
The quokka is almost dead.
The quokka bites you.
* * * LOW HITPOINT WARNING * * *
You closely miss the quokka.
The quokka is almost dead.
The quokka barely misses you.
Evoke which item? (* to show all) (? for menu, Esc to quit)
Aiming: Throw Flame
Press: ? - help, Shift-Dir - straight line, f/p - quokka
Aim: a quokka (almost dead)
The puff of flame hits the quokka.
You kill the quokka!
Your Unarmed Combat skill increases to level 5!
Things that are here:
a quokka corpse; an adder corpse
Found 18 gold pieces.
Found 12 gold pieces.
You see here 18 gold pieces.
You now have 97 gold pieces (gained 18).
You see here 12 gold pieces.
You now have 109 gold pieces (gained 12).
Found a hand axe.
An adder comes into view.
The adder hisses angrily.
Found a rapier.
Evoke which item? (* to show all) (? for menu, Esc to quit)
Aiming: Throw Flame
Press: ? - help, Shift-Dir - straight line, f - adder
Aim: an adder The puff of flame hits the adder.
The adder is moderately wounded.
The adder misses you.
Evoke which item? (* to show all) (? for menu, Esc to quit)
Aiming: Throw Flame
Press: ? - help, Shift-Dir - straight line, f/p - adder
Aim: an adder (moderately wounded)
The puff of flame misses the adder.
The adder bites you.
* * * LOW HITPOINT WARNING * * *
The adder bites you.
You die...
You are now level 3!
You rejoin the land of the living...
Found a scroll labeled QYIXUG IWKA and an opal ring.
Found 17 gold pieces.
You see here a scroll labeled QYIXUG IWKA.
j - a scroll labeled QYIXUG IWKA You see here an opal ring.
k - an opal ring Put on which piece of jewellery? (? for menu, Esc to quit)
You're wearing all the rings you can.
Remove which one? (? for menu, Esc to cancel) < or
h - a ring of wizardry; > or
i - a +3 ring of intelligence You remove your ring of wizardry.
Oops, that ring feels deathly cold.
k - a cursed -2 ring of protection (left paw) Are you sure you want to abandon this character and quit the game? (Confirm with "yes".)

###.#
..### ..
....
#.$.#
....###.#
###...###
.........
#.......#
o.o###.#
#.......#
#>#
.......
.o..l....
#...#
#######.#
#.@.#####
#.#
##......#
#.#
#.####.#
#.. #...
.... ...
#....
##.#.#
##.
#.....
..#.#
#.....
### .
##...##
## ###


There were no monsters in sight!

Vanquished Creatures
  A centaur skeleton (D:4)
  A worker ant (D:4)
  2 adders
  A dart slug (D:2)
  2 leopard geckos
  6 orcs
  2 giant cockroaches
  2 hobgoblins
  2 quokkas (D:3)
  3 bats
  3 frilled lizards
  3 goblins
  4 kobolds
  2 rats (D:1)
34 creatures vanquished.

Notes
Turn   | Place    | Note
-------+----------+-------------------------------------------
     0 | D:1      | tidbits the Felid Wanderer began the quest for the Orb.
     0 | D:1      | tidbits set off with: a potion of heal wounds, a potion of berserk rage, a scroll of teleportation, a potion of lignification, a ration
     0 | D:1      | Reached XP level 1. HP: 7/7 MP: 4/4
   163 | D:2      | Reached skill level 3 in Unarmed Combat
   163 | D:2      | Reached XP level 2. HP: 7/11 MP: 6/6
   273 | D:2      | Reached XP level 3. HP: 6/14 MP: 7/7
   389 | D:4      | Reached skill level 4 in Unarmed Combat
   389 | D:4      | Reached XP level 4. HP: 18/18 MP: 8/8
   574 | D:3      | Reached skill level 5 in Unarmed Combat
   598 | D:3      | Slain by an adder
   599 | D:3      | Reached XP level 3. HP: 0/14 MP: 7/7
   608 | D:3      | Quit the game

Vault maps used:
D:1:      sevenhm_arrival_forest_fort_small_3
D:2:      minmay_circled_x
D:4:      minmay_goblin_kobold_castle, serial_shops, shop

Skill      XL: |  1  2  3  4 |
---------------+-------------+-----
Unarmed Combat | 3 4 5 |  5.0
Dodging        | |  1.3
Stealth        | |  5.3
Spellcasting   | |  2.0
Summonings     | |  1.0

Action                   |  1- 3 |  4- 6 || total
-------------------------+-------+-------++-------
Melee: Unarmed           |    66 |    10 ||    76
       Bite              |     1 |     1 ||     2
       Punch             |     1 |       ||     1
Evoke: Wand              |       |    13 ||    13
  Use: Potion            |     4 |       ||     4
       Scroll            |     1 |       ||     1
 Stab: Sleeping          |     6 |     1 ||     7
  Eat: Chunk             |    10 |     4 ||    14
Armor: Skin              |    18 |       ||    18
Dodge: Dodged            |    41 |    12 ||    53

Table legend:
 A = Spawn XP
 B = Non-spawn XP
 C = Spawn XP percentage of total XP
 D = Spawn monster count
 E = Non-spawn monster count
 F = Spawn count percentage of total count
 G = Total turns spent on level
                    A         B        C        D         E        F      G
               +---------+---------+-------+---------+---------+-------+---------
         Total |       0 |     162 |   0.0 |       0 |      34 |   0.0 |   608
               +---------+---------+-------+---------+---------+-------+---------
           D:1 |       0 |      11 |   0.0 |       0 |       8 |   0.0 |   111
           D:2 |       0 |      33 |   0.0 |       0 |      11 |   0.0 |   192
           D:3 |       0 |      34 |   0.0 |       0 |      10 |   0.0 |   138
           D:4 |       0 |      84 |   0.0 |       0 |       5 |   0.0 |   167
               +---------+---------+-------+---------+---------+-------+---------

Table legend:
 A = Turns spent in this place as a percentage of turns spent in the entire game.
 B = Non-inter-level travel turns spent in this place as a percentage of non-inter-level travel turns spent in the entire game.
 C = Inter-level travel turns spent in this place as a percentage of turns spent in this place.
 D = Turns resting spent in this place as a percentage of non-inter-level travel turns spent in this place.
 E = Turns spent auto-exploring this place as a percentage of non-inter-level travel turns spent in this place.
 F = Non-inter-level travel turns spent in this place divided by the number of levels of this place that you've seen.
                   A       B       C       D       E      F
               +-------+-------+-------+-------+-------+----------------------
         Total | 100.0 | 100.0 |   0.0 |   0.0 |   0.0 | 152.0
       Dungeon | 100.0 | 100.0 |   0.0 |   0.0 |   0.0 | 152.0
               +-------+-------+-------+-------+-------+----------------------

Table legend:
 A = Kills in this place as a percentage of kills in entire the game.
 B = Kills by you in this place as a percentage of kills by you in the entire game.
 C = Kills by friends in this place as a percentage of kills by friends in the entire game.
 D = Other kills in this place as a percentage of other kills in the entire game.
 E = Experience gained in this place as a percentage of experience gained in the entire game.
 F = Experience gained in this place divided by the number of levels of this place that you have seen.
                   A       B       C       D       E      F
               +-------+-------+-------+-------+-------+----------------------
         Total | 100.0 | 100.0 |   N/A |   N/A | 100.0 |  40.5
       Dungeon | 100.0 | 100.0 |   N/A |   N/A | 100.0 |  40.5
               +-------+-------+-------+-------+-------+----------------------

Vault maps used:
D:1:      sevenhm_arrival_forest_fort_small_3
D:2:      minmay_circled_x
D:4:      minmay_goblin_kobold_castle, serial_shops, shop
